AoeStats
← Iamak3186

Arabia

503856578Analyzed
1v1 RM · 1mo ago on Sep 2, 2026· 35m 12s· 2 players
Game mode
Random Map
Map size
Tiny (2 player)
Population
200
Speed
Normal
Resources
Standard
Victory
Conquest
Starting age
Dark Age
Ending age
Imperial Age
RankedLock teamsTeams togetherTeam positionsShared explorationLock speedFull tech treeHidden civsTurbo modeCheats
Victory
Defeat
🇩🇪 Vikings · Germany
1167
+17
🇮🇳 Mongols · India
1193
-17
Mogler
6:38 Loom
7:25 Loom
9:38 Feudal Age
11:26 Double-Bit Axe
15:18 Fletching
20:12 Castle Age
18:16 Horse Collar
19:51 Padded Archer Armor
20:21 Crossbowman
20:59 Bodkin Arrow
23:14 Leather Archer Armor
23:23 Man-at-Arms
24:11 Scale Mail Armor
27:36 Ballistics
28:10 Long Swordsman
30:00 Chain Mail Armor
34:03 Forging
33:39 Pikeman
Iamak3186
5:19 Loom
8:20 Feudal Age
9:24 Double-Bit Axe
11:02 Horse Collar
21:29 Castle Age
21:02 Padded Archer Armor
21:27 Fletching
21:32 Gold Mining
22:46 Wheelbarrow
21:41 Elite Skirmisher
22:41 Leather Archer Armor
23:15 Bow Saw
23:27 Bodkin Arrow
27:15 Heavy Plow
30:04 Ballistics
29:43 Town Watch
30:16 Hand Cart
32:30 Scale Barding Armor
34:45 Bloodlines
34:36 Scale Mail Armor
34:59 Chain Barding Armor
Connection lost

Rejoining the realm…

Still unreachable

The connection could not be restored.

Session expired

The server has moved on; the page needs a fresh start.